 Dungeon Crawl Stone Soup version 0.29.1-2-gbd0b4ee654 (webtiles) character file.

Game seed: 12332535784033199284

95 hawla the Chiller (level 5, -3/39 HPs)
             Began as a Meteoran Ice Elementalist on Dec 1, 2022.
             Slain by Pikel
             ... wielding a +2 whip of electrocution
              (12 damage)
             ... on level 4 of the Dungeon.
             The game lasted 00:02:35 (274 turns).

hawla the Chiller (Meteoran Ice Elementalist)        Turns: 274, Time: 00:02:37

Health: -3/39      AC:  2    Str:  9    XL:     5   Next: 18%
Magic:  1/11       EV: 13    Int: 18    God:
Gold:   38         SH:  0    Dex: 21    Spells: 3/11 levels left

rFire   . . .      SeeInvis .   (no weapon)
rCold   . . .      Faith    .   (no shield)
rNeg    . . .      Spirit   .   a - +0 robe
rPois   .          Reflect  .   (no helmet)
rElec   .          Harm     .   (no cloak)
rCorr   .          Rampage  .   (no gloves)
Will    .....                   (no boots)
Stlth   +.........              (no amulet)
HPRegen 0.13/turn               g - +6 ring of dexterity
MPRegen 0.12/turn               (no ring)

@: very slightly contaminated, glowing
A: sense surroundings 1, otherworldly, glowing, explore regen
a: no special abilities


You were on level 4 of the Dungeon.
You visited 1 branch of the dungeon, and saw 4 of its levels.

You collected 38 gold pieces.

Inventory:

Armour
 a - a +0 robe (worn)
Jewellery
 g - a +6 ring of dexterity (left hand)
Scrolls
 c - a scroll of enchant armour {unknown}
 d - a scroll of amnesia {unknown}
 f - a scroll of identify {unknown}
 i - a scroll of butterflies {unknown}
 j - a scroll of vulnerability {unknown}
Potions
 b - a potion of magic
 e - 2 potions of brilliance {unknown}
 h - a potion of might {unknown}


   Skills:
 - Level 0.5 Fighting
 - Level 2.8 Dodging
 - Level 1.4 Stealth
 - Level 3.8 Spellcasting
 + Level 5.7 Ice Magic


You had 3 spell levels left.
You knew the following spells:

 Your Spells              Type           Power      Damage    Failure   Level
a - Freeze                Ice            96%        1d11      1%          1
b - Frozen Ramparts       Ice            48%        1d8       4%          3
c - Hailstorm             Conj/Ice       13%        3d5       41%         4

Your spell library contained the following spells:

 Spells                   Type           Power      Damage    Failure   Level
 Ozocubu's Armour         Ice            24%        N/A       4%          3


Dungeon Overview and Level Annotations

Branches:
Dungeon (4/15) Zot: 2127
 Temple: D:4-7

Altars:

Annotations:
D:4 Pikel


Innate Abilities, Weirdness & Mutations

You passively map a small area around you.
You are easily found by Zot.
You glow in the dark.
You regain HP and MP as you explore.


Message History

The lemure shouts!
The wall freezes Pikel.
Casting: Hailstorm (extremely dangerous; 41% risk of failure)
Confirm with . or Enter, or press ? or * to list all spells.
Aiming: Freeze (safe; 1% risk of failure)
Press: ? - help, Shift-Dir - straight line, f - Pikel
Aim: Pikel, wielding a +2 whip of electrocution and wearing a +1 robe of fire resistance (moderately wounded, fast)
You freeze Pikel!
Pikel is heavily wounded.
The wall freezes the lemure but does no damage.
The wall freezes Pikel but does no damage.
Pikel hits you with a +2 whip of electrocution!
Casting: Freeze (safe; 1% risk of failure)
Confirm with . or Enter, or press ? or * to list all spells.
Aiming: Freeze (safe; 1% risk of failure)
Press: ? - help, Shift-Dir - straight line, f/p - Pikel
Aim: Pikel, wielding a +2 whip of electrocution and wearing a +1 robe of fire resistance (heavily wounded, fast)
You freeze Pikel!
Pikel is severely wounded.
The wall freezes the lemure.
The wall freezes Pikel.
Pikel hits you with a +2 whip of electrocution!
Casting: Freeze (safe; 1% risk of failure)
Confirm with . or Enter, or press ? or * to list all spells.
Aiming: Freeze (safe; 1% risk of failure)
Press: ? - help, Shift-Dir - straight line, f/p - Pikel
Aim: Pikel, wielding a +2 whip of electrocution and wearing a +1 robe of fire resistance (severely wounded, fast)
You freeze Pikel!
Pikel is almost dead.
The frozen ramparts melt away.
Pikel misses you.
Pikel hits you with a +2 whip of electrocution!
* * * LOW HITPOINT WARNING * * *
Casting: Freeze (safe; 1% risk of failure)
Confirm with . or Enter, or press ? or * to list all spells.
Aiming: Freeze (safe; 1% risk of failure)
Press: ? - help, Shift-Dir - straight line, f/p - Pikel
Aim: Pikel, wielding a +2 whip of electrocution and wearing a +1 robe of fire resistance (almost dead, fast)
You freeze Pikel.
Pikel is almost dead.
Pikel hits you with a +2 whip of electrocution!
You die...

....................#
.........######.#####
..........#####.#
..######....†...# .##
#.#####..# ## #.#
#.†# #.# #..# *
#.#####..### *
#........@.#
###########5#K#
#####..........5#5#
..<##.########..#.#
#...............#.#
#..##.#######...#.#
#..##.# ###...#.#
#..##.#####.......#
#..........)......#


You could see Pikel (fast) and 3 lemures.

Vanquished Creatures
  A lemure (D:4)
  A hound (D:4)
  Jessica (D:3)
  An iguana (D:4)
  An adder (D:3)
  A bat (D:1)
  4 ball pythons
  A kobold (D:4)
11 creatures vanquished.

Notes
Turn   | Place    | Note
-------+----------+-------------------------------------------
     0 | D:1      | hawla the Meteoran Ice Elementalist began the quest for the
                  | Orb.
     0 | D:1      | Reached XP level 1. HP: 14/14 MP: 5/5
    77 | D:3      | Noticed Jessica
    83 | D:3      | Killed Jessica
    84 | D:3      | Reached skill level 5 in Ice Magic
    84 | D:3      | Reached XP level 2. HP: 11/20 MP: 4/7
    84 | D:3      | Reached XP level 3. HP: 15/26 MP: 4/8
   125 | D:4      | Learned a level 3 spell: Frozen Ramparts
   142 | D:4      | Reached XP level 4. HP: 30/33 MP: 2/10
   150 | D:4      | Noticed a lemure
   187 | D:4      | Killed a lemure
   197 | D:4      | Reached XP level 5. HP: 19/39 MP: 0/11
   209 | D:4      | Learned a level 4 spell: Hailstorm
   264 | D:4      | Noticed a lemure
   265 | D:4      | Noticed a lemure
   265 | D:4      | Noticed Pikel
   267 | D:4      | Noticed a lemure
   274 | D:4      | Slain by Pikel

Illustrated notes

Levels and vault maps discovered:
D:1:      doesnt_arrival_eight_statues, layout_rooms,
          shapermc_ecumenical_altar_pompeii
D:2:      layout_basic, serial_shops, shop
D:3:      layout_basic, nicolae_overflow_two_pavilions,
          mainiacjoe_overflow_brackets, minmay_fountain_box, uniq_natasha,
          uniq_jessica
D:4:      layout_loops_ring, nicolae_elemental_shop, uniq_crazy_yiuf_cottage,
          uniq_pikel

Skill      XL: |  1 |
---------------+----+-----
Spellcasting   | 3 |  3.8
Ice Magic      | 5 |  5.7
Fighting       | |  0.5
Dodging        | |  2.8
Stealth        | |  1.4

Action                   |  1- 3 |  4- 6 || total
-------------------------+-------+-------++-------
Melee: Unarmed           |       |     3 ||     3
 Cast: Freeze            |    13 |     8 ||    21
       Frozen Ramparts   |     1 |     4 ||     5
  Use: Potion            |     1 |       ||     1
Armor: Robe              |     2 |     2 ||     4
Dodge: Dodged            |     9 |     4 ||    13
